 Dungeon Crawl Stone Soup version 0.32-a0-986-ga09f62fbf4 (webtiles) character file.

Game seed: 11864980792286568953

81 protoss039 the Digger (level 4, 33/33 HPs)
             Began as a Demonspawn Earth Elementalist on Apr 21, 2024.
             Got out of the dungeon alive.
             The game lasted 00:02:15 (2479 turns).

protoss039 the Digger (DsEE)                        Turns: 2479, Time: 00:02:16

Health: 33/33      AC:  3    Str:  8    XL:     4   Next: 19%
Magic:  8/8        EV: 11    Int: 17    God:
Gold:   152        SH:  4    Dex: 14    Spells: 7/8 levels left

rFire   . . .        m - +0 dagger (speed)
rCold   . . .        (no shield)
rNeg    . . .        a - +0 robe
rPois   .            (no helmet)
rElec   .            (no cloak)
rCorr   .            d - +0 pair of gloves
SInv    .            (no boots)
Will    .....        (no amulet)
Stlth   ++           (no ring)
HPRegen 0.25/turn    (no ring)
MPRegen 0.11/turn

%: no passive effects
@: no status effects
A: large bone plates 1, powered by pain 1
a: no special abilities


You escaped.
You visited 1 branch of the dungeon, and saw 3 of its levels.

You collected 152 gold pieces.

Inventory:

Hand Weapons
 c - a +0 dagger
 m - a +0 dagger of speed (weapon)
Armour
 a - a +0 robe (worn)
 d - a +0 pair of gloves (worn)
Jewellery
 h - a ring of willpower
Scrolls
 e - 5 scrolls of identify {unknown}
 f - a scroll of immolation {unknown}
 l - a scroll of noise {unknown}
Potions
 b - 2 potions of magic
 g - a potion of brilliance {unknown}
 i - 2 potions of curing {unknown}
 j - a potion of enlightenment {unknown}
 k - a potion of mutation {unknown}


   Skills:
 + Level 2.1 Fighting
 - Level 1.7 Dodging
 - Level 1.7 Stealth
 + Level 2.9 Spellcasting
 - Level 1.0 Conjurations
 + Level 3.4 Earth Magic


You had 7 spell levels left.
You knew the following spells:

 Your Spells              Type           Power      Damage    Failure   Level
a - Sandblast             Erth           28%        2d8       4%          1

Your spell library contained the following spells:

 Spells                   Type           Power      Damage    Failure   Level
 Passwall                 Erth           14%        N/A       13%         3
 Stone Arrow              Conj/Erth      18%        3d8       22%         3
 Brom's Barrelling Bould  Conj/Erth      9%         2d3       56%         4
 Petrify                  Alch/Erth      8%         N/A       65%         4


Dungeon Overview and Level Annotations

Branches:
Dungeon (3/15) Zot: 15491

Altars:
Gozag

Shops:
D:1 (

Annotations:
D:2 1 runed translucent door, Crazy Yiuf


Innate Abilities, Weirdness & Mutations

You are partially covered in large bone plates. (SH +4)
You sometimes gain a little power by taking damage.


Message History

Press: ? - help, Shift-Dir - straight line, f/p - orc wizard
Aim: an orc wizard, wielding a +0 dagger of speed and wearing a +0 robe (lightly wounded, 77% to hit)
The blast of sand hits the orc wizard but does no damage.
The orc wizard is lightly wounded.
The orc wizard barely misses you.
The orc wizard hits you with a +0 dagger of speed.
Casting: Sandblast (safe; 4% risk of failure)
Confirm with . or Enter, or press ? or * to list all spells.
Aiming: Sandblast (safe; 4% risk of failure)
Press: ? - help, Shift-Dir - straight line, f/p - orc wizard
Aim: an orc wizard, wielding a +0 dagger of speed and wearing a +0 robe (lightly wounded, 77% to hit)
The blast of sand hits the orc wizard!
You kill the orc wizard!
Your Fighting skill increases to level 2!
You have reached level 4!
You feel agile.
Your demonic ancestry asserts itself...
You feel energised by your suffering.
Unknown command.
Things that are here:
a +0 dagger of speed; a +0 robe; an orc corpse Unknown command.
m - a +0 dagger of speed
There is a stone staircase leading up, spattered with blood here.
You climb upwards.
Level annotation: 1 runed translucent door, Crazy Yiuf
There is a stone staircase leading down here.
Okay, then.
Okay, then.
Your hands tingle!
m - a +0 dagger of speed (weapon)
HP restored.
There is a stone staircase leading up here.
There is a stone staircase leading down here.
Magic restored.
There is a stone staircase leading up here.
You climb upwards.
There is a stone staircase leading down here.
You can't go up here!
There is a staircase leading out of the dungeon here.
You have escaped!

#.##..≈....######### #....≈.≈...#
####.≈.≈.#.# #..≈..≈.#>#
#########.≈...≈.#.#
#............≈..#.#
#.###..≈≈≈≈≈.≈..#.#
#.##..≈......≈..#.#
#....≈....≈@.≈..#.#
######.##..≈...≈.≈...#.## #####
.....#.###..≈≈.≈........####...#
#.##.#.###.....≈...≈.........#.##
#.##.#......##.≈...≈....####.....
..##.#####.###..≈..≈.#.## ######
.....# #.......≈.≈.#.# # ..####
#..####.≈.≈.#.# # ..# #..#
#..≈..#+## #


There were no monsters in sight!

Vanquished Creatures
  An orc wizard (D:3)
  An adder (D:3)
  A ribbon worm (D:3)
  2 dart slugs (D:1)
  3 orcs
  2 ball pythons
  2 endoplasms (D:1)
  2 giant cockroaches
  4 goblins
  3 hobgoblins
  2 kobolds (D:3)
  2 quokkas
  3 bats (D:1)
  2 frilled lizards
  5 rats
35 creatures vanquished.

Notes
Turn   | Place    | Note
-------+----------+-------------------------------------------
     0 | D:1      | protoss039 the Demonspawn Earth Elementalist began the
                  | quest for the Orb.
     0 | D:1      | Reached XP level 1. HP: 13/13 MP: 3/3
   243 | D:1      | Gained mutation: You are partially covered in large bone
                  | plates. (SH +4) [demonic ancestry]
   243 | D:1      | Reached XP level 2. HP: 20/20 MP: 1/5
   416 | D:1      | Reached skill level 1 in Fighting
   507 | D:1      | You fall into a shaft and drop 1 floor!
   542 | D:2      | Reached skill level 3 in Earth Magic
  1097 | D:1      | Found Seatufup's Antique Weapon Boutique.
  1223 | D:2      | Found an opulent altar of Gozag.
  1351 | D:2      | Found a runed translucent door.
  1352 | D:2      | Noticed Crazy Yiuf
  1399 | D:2      | Reached XP level 3. HP: 26/26 MP: 3/6
  2400 | D:3      | Gained mutation: You sometimes gain a little power by
                  | taking damage. [demonic ancestry]
  2400 | D:3      | Reached XP level 4. HP: 29/33 MP: 2/8
  2479 | D:$      | Got out of the dungeon alive.

Illustrated notes

Levels and vault maps discovered:
D:1:      ebering_trefoil_3fold, layout_loops_corners, serial_shops, shop
D:2:      layout_basic, basic_altar, st_stairs_8, uniq_crazy_yiuf_cottage
D:3:      layout_loops_ring

Skill      XL: |  1  2  3 |
---------------+----------+-----
Fighting       | 1 2 |  2.1
Earth Magic    | 3 |  3.4
Dodging        | |  1.7
Stealth        | |  1.7
Spellcasting   | |  2.9
Conjurations   | |  1.0

Action                     |  1- 3 |  4- 6 || total
---------------------------+-------+-------++-------
  Melee: Dagger            |    18 |       ||    18
   Cast: Sandblast         |    58 |       ||    58
   Stab: Sleeping          |     1 |       ||     1
 Armour: Robe              |    34 |       ||    34
  Dodge: Dodged            |    35 |       ||    35
  Block: Other             |     4 |       ||     4

Table legend: (Time is in decaauts)
 A = Elapsed time spent in this place.
 B = Non-inter-level travel time spent in this place.
 C = Inter-level travel time spent in this place.
 D = Time resting spent in this place.
 E = Time spent auto-exploring this place.
 F = Levels seen in this place.
 G = Mean time per level.
                   A        B        C        D        E       F      G
               +--------+--------+--------+--------+--------+-----+--------+
         Total |   2508 |   2384 |    124 |     61 |   2023 |   3 |  836.0 |
       Dungeon |   2508 |   2384 |    124 |     61 |   2023 |   3 |  836.0 |
               +--------+--------+--------+--------+--------+-----+--------+

Top non-repeatable levels by time:
     D:2: 1025 daAuts
     D:1: 1000 daAuts
     D:3: 482 daAuts
